 Dungeon Crawl Stone Soup version 0.26-a0-501-g5717042 (webtiles) character file.

Game seed: 14025477303801822544

733 Dorkslayer the Chopper (level 7, -5/54 HPs)
             Began as a Demonspawn Fighter on Aug 7, 2020.
             Was a Follower of Okawaru.
             Slain by a cyan ugly thing (9 damage)
             ... on level 6 of the Dungeon.
             The game lasted 00:15:11 (3872 turns).

Dorkslayer the Chopper (Demonspawn Fighter)         Turns: 3872, Time: 00:15:12

Health: -5/54      AC:  9    Str: 18    XL:     7   Next: 45%
Magic:  7/7        EV:  7    Int:  9    God:    Okawaru [*.....]
Gold:   329        SH:  9    Dex: 13    Spells: 6/6 levels left

rFire    + . .     SeeInvis .   a - +0 war axe
rCold    . . .     Faith    +   c - +0 kite shield
rNeg     + . .     Spirit   .   b - +0 scale mail
rPois    .         Reflect  .   (no helmet)
rElec    .         Harm     .   (no cloak)
rCorr    .                      (no gloves)
MR       .....                  (no boots)
Stlth    ..........             p - amulet of faith
HPRegen  0.18/turn              n - ring of positive energy
MPRegen  0.10/turn              (no ring)

@: no status effects
A: icy blue scales 1, fire resistance 1, ignite blood, powered by death 1, flame
cloud immunity
a: Heroism, Renounce Religion


You were on level 6 of the Dungeon.
You worshipped Okawaru.
Okawaru was aware of your devotion.
You visited 2 branches of the dungeon, and saw 7 of its levels.

You collected 329 gold pieces.

Inventory:

Hand Weapons
 a - a +0 war axe (weapon)
Armour
 b - a +0 scale mail (worn)
 c - a +0 kite shield (worn)
Jewellery
 n - a ring of positive energy (left hand)
 p - an amulet of faith (around neck)
Wands
 e - a wand of acid (5)
Scrolls
 f - 2 scrolls of identify
 g - a scroll of amnesia {unknown}
 h - a scroll of enchant armour {unknown}
 i - 2 scrolls of fog {unknown}
 j - a scroll of enchant weapon
 k - 3 scrolls of teleportation {unknown}
 l - a scroll of immolation
 m - a scroll of fear {unknown}
 o - a scroll of blinking {unknown}
 q - 2 scrolls of remove curse {unknown}
 r - a scroll of random uselessness {unknown}
 w - a scroll of noise
Potions
 d - 2 potions of might
 s - 2 potions of curing
 t - 3 potions of heal wounds
 u - a potion of cancellation
 v - a potion of ambrosia


   Skills:
 + Level 4.0 Fighting
 + Level 4.7 Axes
 + Level 0.3 Throwing
 + Level 4.1 Armour
 + Level 1.2 Dodging
 + Level 3.8 Shields
 * Level 3.0 Evocations


You had 6 spell levels left.
You didn't know any spells.
Your spell library was empty.

Dungeon Overview and Level Annotations

Branches:
Dungeon (6/15)             Temple (1/1) D:4

Altars:
Ashenzari
Cheibriados
Dithmenos
Elyvilon
Fedhas
Kikubaaqudgha
Makhleb
Nemelex Xobeh
Okawaru
Sif Muna
Trog
Uskayaw
Vehumet
Wu Jian
Yredelemnul
Zin
The Shining One

Shops:
D:5 (


Innate Abilities, Weirdness & Mutations

You are partially covered in icy blue scales. (AC +2)
Your flesh is heat resistant. (rF+)
Your demonic aura causes spilled blood to erupt in flames.
You regenerate a little health from kills.
You are immune to clouds of flame.


Message History

The white imp gestures at you. The puff of frost hits you!
Found a bone wand.
The cyan ugly thing gurgles horribly!
A quokka comes into view.
Found a potion of curing.
You completely miss the white imp. The white imp hits you.
The white imp freezes you.
You hit the cyan ugly thing but do no damage.
The cyan ugly thing engulfs you but does no damage.
You slash the cyan ugly thing!
The cyan ugly thing is lightly wounded.
You hit the white imp. The white imp hits you. The white imp freezes you.
The cyan ugly thing is engulfed in blazing flames.
The cyan ugly thing engulfs you! The cyan ugly thing shocks you!
* * * LOW HITPOINT WARNING * * *
The quokka bites you but does no damage.
The cyan ugly thing is engulfed in blazing flames.
The cyan ugly thing engulfs you!
You die...

...... ..... . #.....
#..# .#. ...
.^....###..# ..## ....
...........# ...##....
#.........# #........
#.##....<.####........
#.........#5.......
.............☼ur......
...............@.......
.....#....#####........
.....#.#### ..##./...
....... #..# ....
....... .#!. ... ....
..... .. ...... . ..
###.


You could see a cyan ugly thing, a white imp and a quokka.

Vanquished Creatures
  An ogre (D:5)
  A bullfrog (D:6)
  A scorpion (D:5)
  A bullfrog skeleton (D:6)
  3 hounds (D:4)
  2 orc wizards (D:5)
  A centaur skeleton (D:5)
  An iguana (D:4)
  2 worker ants
  8 adders
  7 gnolls
  An ufetubus (D:5)
  3 oozes
  2 worms
  2 dart slugs
  5 leopard geckos
  11 orcs
  6 giant cockroaches
  6 goblins
  4 hobgoblins
  2 quokkas
  3 bats
  4 frilled lizards
  5 kobolds
  4 rats
86 creatures vanquished.

Vanquished Creatures (others)
  An ogre (D:5)
  An orc wizard (D:5)
  A leopard gecko (D:6)
3 creatures vanquished.

Grand Total: 89 creatures vanquished

Notes
Turn   | Place    | Note
-------+----------+-------------------------------------------
     0 | D:1      | Dorkslayer the Demonspawn Fighter began the quest for the
                  | Orb.
     0 | D:1      | Reached XP level 1. HP: 18/18 MP: 1/1
    71 | D:1      | Gained mutation: You regenerate a little health from kills.
                  | [demonic ancestry]
    71 | D:1      | Reached XP level 2. HP: 21/24 MP: 2/2
    75 | D:1      | Found a shattered altar of Ashenzari.
   459 | D:1      | Gained mutation: Your flesh is heat resistant. (rF+)
                  | [demonic ancestry]
   459 | D:1      | Reached XP level 3. HP: 27/29 MP: 3/3
  1182 | D:2      | Found a sparkling altar of Nemelex Xobeh.
  1182 | D:2      | Found a snail-covered altar of Cheibriados.
  1426 | D:3      | Gained mutation: You are partially covered in icy blue
                  | scales. (AC +2) [demonic ancestry]
  1426 | D:3      | Reached XP level 4. HP: 35/35 MP: 4/4
  1447 | D:3      | Found a burning altar of Makhleb.
  1600 | D:3      | Found a shadowy altar of Dithmenos.
  1779 | D:3      | Found a snail-covered altar of Cheibriados.
  1854 | D:3      | Found a white marble altar of Elyvilon.
  1855 | D:3      | Found a glowing silver altar of Zin.
  1856 | D:3      | Found a glowing golden altar of the Shining One.
  1956 | D:4      | Found Renuom's Armour Emporium.
  2192 | D:4      | Gained mutation: You are immune to clouds of flame.
                  | [demonic ancestry]
  2192 | D:4      | Reached XP level 5. HP: 27/41 MP: 5/5
  2248 | D:4      | Reached skill level 1 in Evocations
  2427 | D:4      | Reached XP level 6. HP: 42/48 MP: 6/6
  2566 | D:4      | Found a staircase to the Ecumenical Temple.
  2590 | Temple   | Entered the Ecumenical Temple
  2656 | Temple   | Became a worshipper of Warmaster Okawaru
  2905 | D:5      | Entered Level 5 of the Dungeon
  3342 | D:5      | Reached skill level 1 in Dodging
  3399 | D:5      | Gained mutation: Your demonic aura causes spilled blood to
                  | erupt in flames. [demonic ancestry]
  3399 | D:5      | Reached XP level 7. HP: 53/53 MP: 7/7
  3511 | D:5      | Reached * piety under Okawaru
  3512 | D:5      | Found Iledgh's Antique Weapon Shop.
  3806 | D:5      | Found a shimmering blue altar of Sif Muna.
  3866 | D:6      | Noticed a cyan ugly thing
  3872 | D:6      | Slain by a cyan ugly thing

Illustrated notes

Levels and vault maps discovered:
D:1:      dpeg_arrival_fog, layout_loops_ring, nicolae_ashenzari_panopticon
D:2:      layout_loops_ring, gammafunk_temple_overflow_elements
D:3:      layout_rooms, good_gods_temple_1,
          nicolae_dithmenos_through_a_glass_darkly, old_standard_altar,
          kennysheep_slug_shrine
D:4:      layout_loops_corners, minmay_temple_entry_grid, serial_shops, shop,
          minivault_11
D:5:      layout_loops_ring, lemuel_blue_sif_altar, serial_shops, shop,
          lemuel_flamethrower_2
D:6:      layout_cave_pools, kennysheep_mini_moat,
          nicolae_ru_the_path_less_chosen, uniq_edmund, uniq_maggie
Temple:   compressed_dpeg_triangle_lava_temple

Skill      XL: |  1  2  3  4  5  6  7 |
---------------+----------------------+-----
Axes           | 2 3 4 |  4.7
Armour         | 3 4 |  4.1
Shields        | 3 |  3.8
Evocations     | 1 2 3 |  3.0
Dodging        | 1 |  1.2
Fighting       | 4 |  4.0
Throwing       | |  0.3

Action                   |  1- 3 |  4- 6 |  7- 9 || total
-------------------------+-------+-------+-------++-------
Melee: War axe           |   104 |   189 |    26 ||   319
Throw: Boomerang         |       |     8 |       ||     8
Evoke: Wand              |       |       |     1 ||     1
  Use: Potion            |       |     5 |       ||     5
       Scroll            |       |       |     6 ||     6
Armor: Scale mail        |    41 |    81 |    12 ||   134
       Skin              |       |     7 |       ||     7
Dodge: Dodged            |    27 |    51 |     5 ||    83
Block: Kite shield       |    42 |   111 |    14 ||   167

Table legend: (Time is in decaauts)
 A = Elapsed time spent in this place.
 B = Non-inter-level travel time spent in this place.
 C = Inter-level travel time spent in this place.
 D = Time resting spent in this place.
 E = Time spent auto-exploring this place.
 F = Levels seen in this place.
 G = Mean time per level.
                   A        B        C        D        E       F      G
               +--------+--------+--------+--------+--------+-----+--------+
         Total |   4006 |   4006 |      0 |    377 |     57 |   7 |  572.3 |
       Dungeon |   3922 |   3922 |      0 |    377 |     57 |   6 |  653.7 |
        Temple |     84 |     84 |      0 |      0 |      0 |   1 |   84.0 |
               +--------+--------+--------+--------+--------+-----+--------+

Top non-repeatable levels by time:
     D:5: 967 daAuts
     D:4: 960 daAuts
     D:1: 778 daAuts
     D:2: 687 daAuts
     D:3: 500 daAuts
  Temple: 84 daAuts
     D:6: 27 daAuts
